 Dungeon Crawl Stone Soup version 0.29.0-15-g675c0067aa (webtiles) character file.

Game seed: 9869558193598455616

72 greasedhog the Digger (level 4, -11/28 HPs)
             Began as a Gargoyle Wanderer on Sept 12, 2022.
             Killed by divine providence
             ... invoked by an orc priest
              (17 damage)
             ... on level 3 of the Dungeon.
             The game lasted 00:02:50 (2496 turns).

greasedhog the Digger (Gargoyle Wanderer)           Turns: 2496, Time: 00:02:53

Health: -11/28     AC: 11    Str: 17    XL:     4   Next: 25%
Magic:  5/5        EV:  9    Int: 12    God:
Gold:   108        SH:  0    Dex: 10    Spells: 5/5 levels left

rFire   . . .      SeeInvis .   a - +0 falchion
rCold   . . .      Faith    .   (no shield)
rNeg    + . .      Spirit   .   b - +1 scale mail
rPois   ∞          Reflect  .   (no helmet)
rElec   +          Harm     .   n - scarf {repulsion}
rCorr   .          Rampage  .   (no gloves)
Will    .....                   (no boots)
Stlth   ..........              (no amulet)
HPRegen 0.09/turn               (no ring)
MPRegen 0.09/turn               (no ring)

@: repel missiles
A: sickness immunity, AC +3, negative energy resistance 1, electricity
resistance, torment resistance 1, petrification resistance
a: no special abilities


You were on level 3 of the Dungeon.
You visited 1 branch of the dungeon, and saw 3 of its levels.

You collected 108 gold pieces.

Inventory:

Hand Weapons
 a - a +0 falchion (weapon)
Missiles
 k - 14 poisoned darts (quivered)
Armour
 b - a +1 scale mail (worn)
 n - a scarf of repulsion (worn)
Wands
 o - a wand of paralysis (11)
Scrolls
 g - a scroll of magic mapping
 h - a scroll of enchant armour
Potions
 c - 3 potions of invisibility
 d - 2 potions of berserk rage
 e - a potion of magic {unknown}
 f - a potion of heal wounds {unknown}
 i - a potion of curing {unknown}
 l - a potion of mutation {unknown}
 m - a potion of attraction {unknown}


   Skills:
 * Level 3.1 Fighting
 - Level 1.0 Long Blades
 * Level 0.3 Maces & Flails
 - Level 2.1 Armour
 - Level 1.0 Spellcasting
 - Level 4.8 Earth Magic
 - Level 2.4 Evocations


You had 5 spell levels left.
You didn't know any spells.
Your spell library contained the following spells:

 Spells                   Type           Power      Damage    Failure   Level
 Sandblast                Erth           24%        2d8       14%         1
 Passwall                 Tmut/Erth      5%         N/A       52%         2
 Ensorcelled Hibernation  Hex/Ice        0%         N/A       83%         2
 Swiftness                Air            0%         N/A       97%         3
 Animate Armour           Summ/Erth      12%        N/A       98%         4
 Petrify                  Tmut/Erth      6%         N/A       98%         4


Dungeon Overview and Level Annotations

Branches:
Dungeon (3/15)

Altars:


Innate Abilities, Weirdness & Mutations

You are immune to sickness and miasma.
Your stone body is resilient. (AC +3)
You are immune to poison.
You resist negative energy. (rN+)
You are resistant to electric shocks. (rElec)
You are resistant to unholy torment.
You are immune to petrification.


Message History

You barely miss the orc.
The orc is lightly wounded.
The orc hits you but does no damage.
You completely miss the orc.
The orc is lightly wounded.
The orc hits you with a +0 hand axe.
You hit the orc.
The orc is moderately wounded.
The orc hits you but does no damage.
You closely miss the orc.
The orc is moderately wounded.
The orc hits you with a +0 hand axe.
An orc priest comes into view. It is wielding a +0 dagger.
The orc closely misses you.
The orc priest shouts!
You hit the orc.
The orc is severely wounded.
The orc closely misses you.
You hit the orc.
You kill the orc!
You hit the endoplasm.
The endoplasm is heavily wounded.
The endoplasm hits you but does no damage.
The orc priest calls down the wrath of Beogh upon you.
Beogh smites you!
* * * LOW HITPOINT WARNING * * *
As you read the scroll of fog, it crumbles to dust.
The scroll dissolves into smoke.
The endoplasm hits you but does no damage.
The endoplasm attacks as you move away! The endoplasm barely misses you.
The endoplasm attacks as you move away! The endoplasm closely misses you.
The endoplasm attacks as you move away! The endoplasm barely misses you.
There is an escape hatch in the ceiling here.
The endoplasm freezes you.
You are frozen.
* * * LOW HITPOINT WARNING * * *
The orc priest calls down the wrath of Beogh upon you.
Beogh smites you!
Ouch! That really hurt!
You die...

##....##........#
#........†......#
.....###.#......).#
###.. #.#........# #.
#.#........# .
#.###.#.#### ## #..
#...# ##. #...# #.
#@.## #.##J..#
#...o#.#### ##
############.#....#
..###.§§§§§§§o§o......#
#...o.######§§§.(##...#
....### ##§##.#######
###.## ##....#..#
#..##...####.##


You could see an orc priest, an orc wizard and an endoplasm.

Vanquished Creatures
  3 worms (D:2)
  A dart slug (D:3)
  2 orcs (D:3)
  4 ball pythons
  3 bats (D:2)
  8 endoplasms
  4 giant cockroaches
  8 goblins
  2 hobgoblins
  3 jackals (D:1)
  4 kobolds
  4 quokkas
  4 frilled lizards
  2 rats
52 creatures vanquished.

Notes
Turn   | Place    | Note
-------+----------+-------------------------------------------
     0 | D:1      | greasedhog the Gargoyle Wanderer began the quest for the
                  | Orb.
     0 | D:1      | greasedhog set off with the following items: a +0 falchion,
                  | a +0 scale mail, a potion of invisibility; and the
                  | following spell memorised: Sandblast; and the following
                  | spells available to memorise: Animate Armour, Petrify.
     0 | D:1      | Reached XP level 1. HP: 12/12 MP: 2/2
    91 | D:1      | Reached XP level 2. HP: 5/17 MP: 3/3
   755 | D:1      | Reached XP level 3. HP: 21/21 MP: 4/4
  1333 | D:2      | Found a faded altar of an unknown god.
  1569 | D:2      | Identified the +1 leather armour "Wigiyfre" {rElec rF+
                  | Str-4 Stlth+}
  2141 | D:2      | Reached XP level 4. HP: 28/28 MP: 5/5
  2496 | D:3      | Killed from afar by an orc priest

Illustrated notes

Levels and vault maps discovered:
D:1:      spicycebolla_arrival_clurvy, layout_loops_cross, minmay_tiny_reverse_x
D:2:      layout_basic, chequers_ecumenical_altar_grove
D:3:      layout_rooms, minmay_fractal_squares_gapless_5

Skill      XL: |  1  2  3 |
---------------+----------+-----
Fighting       | 2 3 |  3.1
Evocations     | 2 |  2.4
Long Blades    | |  1.0
Maces & Flails | |  0.3
Armour         | |  2.1
Spellcasting   | |  1.0
Earth Magic    | |  4.8

Action                   |  1- 3 |  4- 6 || total
-------------------------+-------+-------++-------
Melee: Falchion          |   177 |    26 ||   203
       Punch             |     1 |     1 ||     2
  Use: Scroll            |     5 |     1 ||     6
Armor: Scale mail        |   105 |    12 ||   117
Dodge: Dodged            |   110 |    14 ||   124
